TOP OF THE 1ST |
Nashville Sounds batting - Pitching for Buffalo Bisons : LHP Alfonso Guillen
|
Pitching: LHP Alfonso Guillen
|
|
Batting: SHB Robert Santiago
|
0-0: Ball 1-0: Foul Ball, location: 2F 1-1: Swinging Strike 1-2: Foul Ball, location: 2F 1-2: Foul Ball, location: 2F 1-2: Ball 2-2: Fly out, F8 (Flyball, 89M, EV 86.2 MPH)
|
Batting: RHB Yonetoshi Muranaka
|
0-0: Ball 1-0: Called Strike 1-1: Ball 2-1: Foul Ball, location: 2F 2-2: Ball 3-2: SINGLE (Groundball, 34D, EV 100.6 MPH)
|
Batting: RHB Tim Cordle
|
0-0: Called Strike 0-1: Swinging Strike 0-2: Ball 1-2: Ball 2-2: Ball 3-2: Foul Ball, location: 2F 3-2: Base on Balls Yonetoshi Muranaka to second
|
Batting: RHB David Herrera
|
0-0: Ball 1-0: Swinging Strike 1-1: 3-RUN HOME RUN (Flyball, 89XD, EV 103.8 MPH), Distance : 400 ft
|
Batting: LHB Tomas Segarra
|
0-0: Ball 1-0: Ball 2-0: Fly out, F8 (Flyball, 8RD, EV 88.8 MPH)
|
Batting: RHB Wade Diamond
|
0-0: Ball 1-0: Called Strike 1-1: SINGLE (Groundball, 56D, EV 102.5 MPH)
|
Batting: RHB Ryan Kinkead
|
0-0: Ball 1-0: Foul Ball, location: 2F 1-1: Called Strike 1-2: Ball 2-2: Foul Ball, location: 2F 2-2: Ball 3-2: Ground out 1-3 (Groundball, 13S, EV 55.6 MPH)
|
Top of the 1st over - 3 runs, 3 hits, 0 errors, 1 left on base; Nashville 3 - Buffalo 0 |
BOTTOM OF THE 1ST |
Buffalo Bisons batting - Pitching for Nashville Sounds : LHP Kevin Clark
|
Pitching: LHP Kevin Clark
|
|
Batting: RHB Michel Martineau
|
0-0: Ball 1-0: Called Strike 1-1: Ball 2-1: Ball 3-1: Base on Balls
|
Batting: RHB Frank Caulfield
|
0-0: Called Strike 0-1: Swinging Strike 0-2: Ball 1-2: Strikes out swinging
|
Batting: SHB Dominik Hasek II
|
0-0: Called Strike 0-1: Called Strike 0-2: Ball 1-2: Foul Ball, location: 2F 1-2: SINGLE (Groundball, 56S, EV 64.4 MPH) (infield hit) Michel Martineau to second
|
Batting: RHB Alex Ramos
|
0-0: Called Strike 0-1: Foul Ball, location: 2F 0-2: Ball 1-2: Ball 2-2: Strikes out swinging
|
Batting: RHB Leo Mair
|
0-0: Ball 1-0: Ball 2-0: Ball 3-0: SINGLE (Groundball, 5D, EV 98.8 MPH) Michel Martineau to third Dominik Hasek II to second Runner from 3rd tries for Home, SAFE, throw by LF to home
|
Batting: RHB Kyle Davis
|
0-0: Called Strike 0-1: Ball 1-1: Foul Ball, location: 2F 1-2: Ground out U3 (Groundball, 34, EV 83.8 MPH)
|
Bottom of the 1st over - 1 run, 2 hits, 0 errors, 2 left on base; Nashville 3 - Buffalo 1 |
TOP OF THE 2ND |
Nashville Sounds batting - Pitching for Buffalo Bisons : LHP Alfonso Guillen
|
Batting: SHB Ryan Chicoine
|
0-0: Fly out, F8 (Flyball, 8RM, EV 83.1 MPH)
|
Batting: SHB D.J. Codd
|
0-0: Hit by Pitch
|
Batting: SHB Robert Santiago
|
0-0: Fly out, F3 (Popup, 3F, EV 74.4 MPH)
|
Batting: RHB Yonetoshi Muranaka
|
0-0: Foul Ball, location: 2F 0-1: Foul Ball, location: 2F 0-2: Foul Ball, location: 2F 0-2: Ball 1-2: Ball 2-2: Foul Ball, location: 2F 2-2: SINGLE (Groundball, 34D, EV 107.5 MPH) D.J. Codd to second Runner from 2nd tries for 3rd, OUT! 9-5
|
Top of the 2nd over - 0 runs, 1 hit, 0 errors, 1 left on base; Nashville 3 - Buffalo 1 |
BOTTOM OF THE 2ND |
Buffalo Bisons batting - Pitching for Nashville Sounds : LHP Kevin Clark
|
Batting: LHB Gabe Pace
|
0-0: Ball 1-0: Called Strike 1-1: Ball 2-1: Ball 3-1: Foul Ball, location: 2F 3-2: SINGLE (Groundball, 34D, EV 98.1 MPH)
|
Batting: RHB Jorge Baret
|
0-0: Foul Ball, location: 2F 0-1: SINGLE (Groundball, P, EV 79.4 MPH) (infield hit) Gabe Pace to second
|
Batting: RHB John Loving
|
0-0: Ball 1-0: Ball 2-0: Ball 3-0: Called Strike 3-1: Called Strike 3-2: Foul Ball, location: 2F 3-2: Strikes out looking
|
Batting: RHB Michel Martineau
|
0-0: Called Strike 0-1: Foul Ball, location: 2F 0-2: DOUBLE (Flyball, 8LXD, EV 109.4 MPH) Gabe Pace scores Jorge Baret to third
|
Batting: RHB Frank Caulfield
|
0-0: Called Strike 0-1: Ball 1-1: Ground out 5-3 (Groundball, 5S, EV 67.5 MPH)
|
Batting: SHB Dominik Hasek II
|
0-0: Foul Ball, location: 2F 0-1: Ball 1-1: SINGLE (Groundball, 6MS, EV 66.2 MPH) (infield hit) Jorge Baret scores Michel Martineau to third
|
Batting: RHB Alex Ramos
|
0-0: Swinging Strike 0-1: Ball Wild Pitch! Michel Martineau scores Dominik Hasek II to second 1-1: Fly out, F7 (Flyball, 7, EV 91.2 MPH)
|
Bottom of the 2nd over - 3 runs, 4 hits, 0 errors, 1 left on base; Nashville 3 - Buffalo 4 |
TOP OF THE 3RD |
Nashville Sounds batting - Pitching for Buffalo Bisons : LHP Alfonso Guillen
|
Batting: RHB Tim Cordle
|
0-0: Ball 1-0: Ball 2-0: Ball 3-0: Base on Balls
|
Batting: RHB David Herrera
|
0-0: Ball 1-0: Called Strike 1-1: Ball 2-1: Called Strike 2-2: Foul Ball, location: 2F 2-2: Foul Ball, location: 2F 2-2: Strikes out swinging
|
Batting: LHB Tomas Segarra
|
0-0: Fielders Choice at 2nd, 1-6 (Groundball, 34S, EV 63.1 MPH)
|
Batting: RHB Wade Diamond
|
0-0: Ball 1-0: Swinging Strike 1-1: Ball 2-1: Fielders Choice at 2nd, 5-4 (Groundball, 56, EV 86.2 MPH)
|
Top of the 3rd over - 0 runs, 0 hits, 0 errors, 1 left on base; Nashville 3 - Buffalo 4 |
BOTTOM OF THE 3RD |
Buffalo Bisons batting - Pitching for Nashville Sounds : LHP Kevin Clark
|
Batting: RHB Leo Mair
|
0-0: Ball 1-0: Ball 2-0: Ball 3-0: Called Strike 3-1: Base on Balls
|
Batting: RHB Kyle Davis
|
0-0: Ball 1-0: Called Strike 1-1: Foul Ball, location: 2F 1-2: Ball 2-2: Ball 3-2: Base on Balls Leo Mair to second
|
Batting: LHB Gabe Pace
|
0-0: SINGLE (Groundball, 56D, EV 95.6 MPH) Leo Mair to third Kyle Davis to second Runner from 3rd tries for Home, SAFE, throw by LF to home
|
Batting: RHB Jorge Baret
|
0-0: Ball 1-0: Foul Ball, location: 2F 1-1: Fly out, F8 (Line Drive, 8LD, EV 89.4 MPH)
|
Batting: RHB John Loving
|
0-0: Called Strike 0-1: Ball 1-1: Called Strike 1-2: Strikes out looking
|
Batting: RHB Michel Martineau
|
0-0: Ball 1-0: Called Strike 1-1: Ball 2-1: Ball 3-1: Base on Balls Kyle Davis to third Gabe Pace to second
|
Batting: RHB Frank Caulfield
|
0-0: Swinging Strike 0-1: Ball 1-1: Called Strike 1-2: Ball 2-2: Fielders Choice at 2nd, 6-4 (Groundball, 6, EV 111.2 MPH)
|
Bottom of the 3rd over - 1 run, 1 hit, 0 errors, 3 left on base; Nashville 3 - Buffalo 5 |
TOP OF THE 4TH |
Nashville Sounds batting - Pitching for Buffalo Bisons : LHP Alfonso Guillen
|
Batting: RHB Ryan Kinkead
|
0-0: Ball 1-0: Called Strike 1-1: Ball 2-1: Foul Ball, location: 2F 2-2: Foul Ball, location: 2F 2-2: Ball 3-2: Ground out 4-3 (Groundball, 4MD, EV 104.4 MPH)
|
Batting: SHB Ryan Chicoine
|
0-0: Called Strike 0-1: Ground out U3 (Groundball, 34, EV 108.1 MPH)
|
Batting: SHB D.J. Codd
|
0-0: Fly out, F8 (Flyball, 8LXD, EV 104.4 MPH)
|
Top of the 4th over - 0 runs, 0 hits, 0 errors, 0 left on base; Nashville 3 - Buffalo 5 |
BOTTOM OF THE 4TH |
Buffalo Bisons batting - Pitching for Nashville Sounds : LHP Kevin Clark
|
Batting: SHB Dominik Hasek II
|
0-0: Ball 1-0: Fly out, F8 (Flyball, 8RD, EV 78.8 MPH)
|
Batting: RHB Alex Ramos
|
0-0: Called Strike 0-1: Called Strike 0-2: Ball 1-2: Ball 2-2: Ball 3-2: Ground out 6-3 (Groundball, 6, EV 85.6 MPH)
|
Batting: RHB Leo Mair
|
0-0: Ball 1-0: Foul Ball, location: 2F 1-1: SINGLE (Flyball, 6D, EV 92.5 MPH)
|
Batting: RHB Kyle Davis
|
0-0: Ball 1-0: Called Strike 1-1: Fielders Choice at 2nd, 6-4 (Groundball, 6, EV 103.1 MPH)
|
Bottom of the 4th over - 0 runs, 1 hit, 0 errors, 1 left on base; Nashville 3 - Buffalo 5 |
TOP OF THE 5TH |
Nashville Sounds batting - Pitching for Buffalo Bisons : LHP Alfonso Guillen
|
Batting: SHB Robert Santiago
|
0-0: Ball 1-0: Called Strike 1-1: Ball 2-1: Ball 3-1: Swinging Strike 3-2: Strikes out swinging
|
Batting: RHB Yonetoshi Muranaka
|
0-0: Called Strike 0-1: Ball 1-1: Called Strike 1-2: Fly out, F7 (Line Drive, 7S, EV 95.6 MPH)
|
Batting: RHB Tim Cordle
|
0-0: Foul Ball, location: 2F 0-1: Ball 1-1: Ball 2-1: Ground out U3 (Groundball, 3, EV 90.0 MPH)
|
Top of the 5th over - 0 runs, 0 hits, 0 errors, 0 left on base; Nashville 3 - Buffalo 5 |
BOTTOM OF THE 5TH |
Buffalo Bisons batting - Pitching for Nashville Sounds : LHP Kevin Clark
|
Pitching: RHP Jesus Moreno
|
|
Batting: LHB Gabe Pace
|
0-0: SINGLE (Groundball, 34D, EV 98.1 MPH) (infield hit)
|
Batting: RHB Jorge Baret
|
0-0: Foul Ball, location: 2F 0-1: Ball 1-1: Swinging Strike Gabe Pace steals 2nd base 1-2: Fly out, F8 (Flyball, 8RD, EV 95.6 MPH)
|
Batting: RHB John Loving
|
0-0: Ball 1-0: Called Strike 1-1: Ball 2-1: Ball 3-1: Called Strike 3-2: Strikes out swinging
|
Batting: RHB Michel Martineau
|
0-0: Ball 1-0: Fly out, F7 (Flyball, 7, EV 85.6 MPH)
|
Bottom of the 5th over - 0 runs, 1 hit, 0 errors, 1 left on base; Nashville 3 - Buffalo 5 |
TOP OF THE 6TH |
Nashville Sounds batting - Pitching for Buffalo Bisons : LHP Alfonso Guillen
|
Batting: RHB David Herrera
|
0-0: Fly out, F3 (Popup, 3S, EV 86.9 MPH)
|
Batting: LHB Tomas Segarra
|
0-0: DOUBLE (Groundball, 5L, EV 104.4 MPH)
|
Batting: RHB Wade Diamond
|
0-0: Ground out 5-3 (Groundball, 56S, EV 65.6 MPH) Tomas Segarra to third
|
Batting: RHB Ryan Kinkead
|
0-0: Ball 1-0: Ball 2-0: Ball 3-0: Called Strike 3-1: Called Strike 3-2: Foul Ball, location: 2F 3-2: Ground out 6-3 (Groundball, 56D, EV 82.5 MPH)
|
Top of the 6th over - 0 runs, 1 hit, 0 errors, 1 left on base; Nashville 3 - Buffalo 5 |
BOTTOM OF THE 6TH |
Buffalo Bisons batting - Pitching for Nashville Sounds : RHP Jesus Moreno
|
Batting: RHB Frank Caulfield
|
0-0: Called Strike 0-1: Ground out 4-3 (Groundball, 4, EV 81.9 MPH)
|
Batting: SHB Dominik Hasek II
|
0-0: Called Strike 0-1: Fly out, F7 (Flyball, 7S, EV 93.1 MPH)
|
Batting: RHB Alex Ramos
|
0-0: Called Strike 0-1: Called Strike 0-2: Ball 1-2: Foul Ball, location: 2F 1-2: Ball 2-2: Strikes out swinging
|
Bottom of the 6th over - 0 runs, 0 hits, 0 errors, 0 left on base; Nashville 3 - Buffalo 5 |
TOP OF THE 7TH |
Nashville Sounds batting - Pitching for Buffalo Bisons : LHP Alfonso Guillen
|
Batting: SHB Ryan Chicoine
|
0-0: Ball 1-0: Called Strike 1-1: Ball 2-1: Foul Ball, location: 2F 2-2: Foul Ball, location: 2F 2-2: Ground out 4-3 (Groundball, 4, EV 85.6 MPH)
|
Pitching: RHP Chris Kroesen
|
|
Batting: SHB D.J. Codd
|
0-0: Called Strike 0-1: Foul Ball, location: 2F 0-2: Ball 1-2: Fly out, F8 (Flyball, 89M, EV 98.1 MPH)
|
Batting: SHB Robert Santiago
|
0-0: Called Strike 0-1: Called Strike 0-2: Ball 1-2: Strikes out swinging
|
Top of the 7th over - 0 runs, 0 hits, 0 errors, 0 left on base; Nashville 3 - Buffalo 5 |
BOTTOM OF THE 7TH |
Buffalo Bisons batting - Pitching for Nashville Sounds : RHP Jesus Moreno
|
Pitching: RHP Márcio Travanca
|
|
Batting: RHB Leo Mair
|
0-0: Called Strike 0-1: Swinging Strike 0-2: Strikes out looking
|
Batting: RHB Kyle Davis
|
0-0: Ball 1-0: Foul Ball, location: 2F 1-1: Ground out U3 (Groundball, 23, EV 90.0 MPH)
|
Batting: LHB Gabe Pace
|
0-0: Ball 1-0: SOLO HOME RUN (Flyball, 9LD, EV 92.5 MPH), Distance : 346 ft
|
Batting: RHB Jorge Baret
|
0-0: Swinging Strike 0-1: Ball 1-1: Ball 2-1: Ground out 6-3 (Groundball, 6, EV 81.2 MPH)
|
Bottom of the 7th over - 1 run, 1 hit, 0 errors, 0 left on base; Nashville 3 - Buffalo 6 |
TOP OF THE 8TH |
Nashville Sounds batting - Pitching for Buffalo Bisons : RHP Chris Kroesen
|
Batting: RHB Yonetoshi Muranaka
|
0-0: Ball 1-0: Ball 2-0: Ball 3-0: Ground out 1-3 (Groundball, 13S, EV 65.6 MPH)
|
Batting: RHB Tim Cordle
|
0-0: DOUBLE (Line Drive, 3D, EV 93.8 MPH)
|
Batting: RHB David Herrera
|
0-0: Ball 1-0: Ball 2-0: Ball 3-0: Called Strike 3-1: Foul Ball, location: 2F 3-2: Fly out, F7 (Line Drive, 7, EV 91.9 MPH)
|
Batting: LHB Tomas Segarra
|
0-0: Ball 1-0: Foul Ball, location: 2F 1-1: Ground out 1-3 (Groundball, 13S, EV 68.1 MPH)
|
Top of the 8th over - 0 runs, 1 hit, 0 errors, 1 left on base; Nashville 3 - Buffalo 6 |
BOTTOM OF THE 8TH |
Buffalo Bisons batting - Pitching for Nashville Sounds : RHP Márcio Travanca
|
Batting: RHB John Loving
|
0-0: Ball 1-0: Ball 2-0: Ball 3-0: Called Strike 3-1: Base on Balls
|
Batting: RHB Michel Martineau
|
0-0: Sac Bunt to 3S - play at first, batter OUT! 3-4 John Loving to second
|
Batting: RHB Frank Caulfield
|
0-0: Foul Ball, location: 2F 0-1: Ball 1-1: Ball 2-1: Ball 3-1: Fly out, F3 (Popup, 3S, EV 82.5 MPH)
|
Batting: SHB Dominik Hasek II
|
0-0: Called Strike 0-1: Ball 1-1: Ball 2-1: DOUBLE (Flyball, 8LXD, EV 105.0 MPH) John Loving scores
|
Batting: RHB Alex Ramos
|
0-0: Ball 1-0: Ground out 6-3 (Groundball, 6S, EV 87.5 MPH)
|
Bottom of the 8th over - 1 run, 1 hit, 0 errors, 1 left on base; Nashville 3 - Buffalo 7 |
TOP OF THE 9TH |
Nashville Sounds batting - Pitching for Buffalo Bisons : RHP Chris Kroesen
|
Pitching: RHP Pat Powell
|
|
Batting: RHB Wade Diamond
|
0-0: Ball 1-0: Called Strike 1-1: Swinging Strike 1-2: Ball 2-2: Strikes out swinging
|
Batting: RHB Ryan Kinkead
|
0-0: Called Strike 0-1: Foul Ball, location: 2F 0-2: Strikes out swinging
|
Batting: SHB Ryan Chicoine
|
0-0: Called Strike 0-1: Ground out 1-3 (Groundball, 13, EV 71.2 MPH)
|
Top of the 9th over - 0 runs, 0 hits, 0 errors, 0 left on base; Nashville 3 - Buffalo 7 |
|